 Dungeon Crawl Stone Soup version 0.29.1-4-g47bece8355 (webtiles) character file.

Game seed: 9675804030697563385

1193 ChadusMaximus the Summoner (level 8, -3/52 HPs)
             Began as a Human Summoner on Dec 6, 2022.
             Was an Initiate of Yredelemnul.
             Killed from afar by an electric eel (10 damage)
             ... with a bolt of electricity
             ... on level 6 of the Dungeon.
             The game lasted 00:12:18 (8237 turns).

ChadusMaximus the Summoner (Human Summoner)         Turns: 8237, Time: 00:12:18

Health: -3/52      AC:  5    Str:  9    XL:     8   Next: 71%
Magic:  15/16      EV: 12    Int: 18    God:    Yredelemnul [......]
Gold:   224        SH:  0    Dex: 13    Spells: 5/17 levels left

rFire   . . .      SeeInvis .   y - +0 halberd
rCold   . . .      Faith    .   (shield currently unavailable)
rNeg    . . .      Spirit   .   a - +0 robe
rPois   +          Reflect  .   (no helmet)
rElec   .          Harm     .   (no cloak)
rCorr   .          Rampage  .   c - +2 pair of gloves
Will    .....                   (no boots)
Stlth   ++........              k - amulet of magic regeneration
HPRegen 0.17/turn               w - ring of poison resistance
MPRegen 0.55/turn               (no ring)

@: no status effects
A: no striking features
a: Renounce Religion, Recall Undead Harvest


You were on level 6 of the Dungeon.
You worshipped Yredelemnul.
Yredelemnul was noncommittal.
You visited 2 branches of the dungeon, and saw 7 of its levels.
You also visited: Sewer.

You collected 224 gold pieces.

Inventory:

Hand Weapons
 d - a +0 dagger
 j - a +0 spear
 y - a +0 halberd (weapon)
Armour
 a - a +0 robe (worn)
 c - a +2 pair of gloves (worn)
Jewellery
 k - an amulet of magic regeneration (around neck)
 w - a ring of poison resistance (left hand)
 x - an amulet of regeneration
Scrolls
 e - 5 scrolls of teleportation
 h - 2 scrolls of magic mapping {unknown}
 l - a scroll of vulnerability {unknown}
 o - a scroll of fog {unknown}
 p - 3 scrolls of enchant armour {unknown}
 r - a scroll of blinking {unknown}
 t - a scroll of immolation {unknown}
 u - 2 scrolls of enchant weapon {unknown}
 v - 4 scrolls of identify
Potions
 b - 2 potions of magic
 f - 2 potions of curing
 g - 2 potions of ambrosia {unknown}
 i - 2 potions of heal wounds {unknown}
 m - a potion of degeneration {unknown}
 n - a potion of brilliance {unknown}
 q - 2 potions of mutation {unknown}
 s - a potion of haste {unknown}


   Skills:
 - Level 2.1 Dodging
 - Level 2.2 Stealth
 + Level 5.4 Spellcasting
 * Level 9.0 Summonings


You had 5 spell levels left.
You knew the following spells:

 Your Spells              Type           Power      Damage    Failure   Level
a - Summon Small Mammal   Summ           100%       N/A       1%          1
b - Call Canine Familiar  Summ           37%        N/A       1%          3
c - Call Imp              Summ           37%        N/A       1%          2
d - Summon Lightning Spi  Summ/Air       21%        N/A       21%         4
e - Blink                 Tloc           8%         N/A       19%         2

Your spell library contained the following spells:

 Spells                   Type           Power      Damage    Failure   Level
 Summon Guardian Golem    Hex/Summ       21%        N/A       6%          3
 Manifold Assault         Tloc           4%         N/A       98%         5
 Storm Form               Tmut/Air       2%         N/A       100%        7


Dungeon Overview and Level Annotations

Branches:
Dungeon (6/15)             Temple (1/1) D:6           Sewer (visited)

Altars:
Fedhas
Gozag
Kikubaaqudgha
Makhleb
Qazlal
Ru
Uskayaw
Wu Jian
Xom
Yredelemnul
Zin
The Shining One

Annotations:
D:4 2 runed translucent doors, ymhsbmbesitwf's ghost, amateur TrAK


Message History

What are your orders? t - Shout!
Orders for allies: a - Attack new target. p - Attack previous target. r - Retreat! s - Stop attacking. g - Guard the area. f - Follow me.
Anything else - Cancel.
Gang up on whom?
Press: ? - help, Dir - move target, f/p - electric eel
Aim: an electric eel (ally target) Attack!
A nearby plant withers and dies.
Casting: Summon Small Mammal (safe; 1% risk of failure)
Confirm with . or Enter, or press ? or * to list all spells.
A shadowy apparition takes form in the air.
Your howler monkey zombie barely misses the electric eel.
Your hound misses the electric eel.
Your hound closely misses the electric eel.
Your howler monkey zombie splashes around in the water.
Your hound closely misses the electric eel.
The electric eel shoots out a bolt of lightning at you!
The bolt of electricity hits your howler monkey zombie!
The bolt of electricity hits you!
Your howler monkey zombie closely misses the electric eel.
Your hound splashes around in the water.
Your hound barely misses the electric eel.
Your howler monkey zombie splashes around in the water.
Unknown command.
Your quokka barely misses the electric eel.
Your hound bites the electric eel but does no damage.
The electric eel shoots out a bolt of lightning at you!
The bolt of electricity hits your howler monkey zombie!
Your howler monkey zombie is destroyed!
The bolt of electricity hits you!
* * * LOW HITPOINT WARNING * * *
Your quokka splashes around in the water.
Your hound splashes around in the water.
The electric eel shoots out a bolt of lightning at you!
The bolt of electricity hits your hound!
The bolt of electricity hits you!
You die...
Your body rises from the dead as a mindless zombie.

##........##. ≈≈≈≈≈≈.~~♣
#.>.####.... ~≈~≈≈~.~≈♣
##..# #..#. P~~~≈~.~~♣♣
#..# #....
~~~≈≈~.~~~♣♣♣♣##.♣♣♣♣♣..##
~~~~≈≈.~~~~~~~~~♣~~~~~♣..#
♣~~S~~.5~~~~P~~~~~~~~~P♣..
#P~rh~.~Z~~~~≈~~~~~~~~~~~.
..~~~....@................
#.#~~..~~~~~~~~~~~~~~P~P~.
#......#P♣~~≈~♣♣♣♣~P~P~~~#
#########P♣♣♣♣~♣♣~~~~~~~##
##♣ #####PP♣♣~## #######


You could see an electric eel (ally target), a friendly hound (summoned), a
friendly shadow imp (summoned), a friendly iguana zombie and a friendly quokka
(summoned).

Vanquished Creatures
  An ice beast (D:5)
  A phantom (D:5)
  A scorpion (D:5)
  2 hounds
  A jelly (D:4)
  An iguana (D:6)
  6 adders
  A dart slug (D:4)
  4 orcs
  A bat (D:3)
  2 endoplasms
  2 giant cockroaches (D:2)
  7 goblins
  4 hobgoblins
  3 jackals
  A quokka (D:1)
  5 ball pythons
  4 kobolds
  8 rats
55 creatures vanquished.

Vanquished Creatures (collateral kills)
  A necrophage (D:5)
  2 scorpions (D:5)
  A howler monkey (D:6)
  3 hounds (D:5)
  2 orc priests (D:5)
  5 iguanas
  2 orc wizards
  A nameless horror (D:3)
  3 gnolls (D:5)
  A river rat (Sewer)
  10 adders
  A shadow imp (D:5)
  3 worms
  8 orcs
  4 endoplasms
  A giant cockroach (D:2)
  4 goblins
  3 hobgoblins
  5 jackals
  A quokka (D:1)
  A ball python (Sewer)
  3 bats
  A frilled lizard (D:1)
  5 kobolds
  5 rats
76 creatures vanquished.

Vanquished Creatures (others)
  A howler monkey zombie (D:6)
  25 plants
26 creatures vanquished.

Grand Total: 157 creatures vanquished

Notes
Turn   | Place    | Note
-------+----------+-------------------------------------------
     0 | D:1      | ChadusMaximus the Human Summoner began the quest for the
                  | Orb.
     0 | D:1      | Reached XP level 1. HP: 13/13 MP: 3/3
   256 | D:1      | Found a faded altar of an unknown god.
   612 | D:1      | Reached XP level 2. HP: 19/19 MP: 5/5
  1272 | D:1      | Reached XP level 3. HP: 24/24 MP: 6/6
  1299 | D:1      | Learned a level 3 spell: Call Canine Familiar
  1302 | D:1      | Learned a level 2 spell: Call Imp
  1765 | D:2      | Reached XP level 4. HP: 27/30 MP: 1/7
  2491 | D:3      | Noticed a nameless horror
  2532 | D:3      | Reached skill level 5 in Summonings
  2637 | D:3      | Found a glowing silver altar of Zin.
  2665 | D:3      | Killed a nameless horror
  2683 | D:3      | Found a glowing drain.
  2698 | Sewer    | Entered a sewer
  2707 | Sewer    | Reached XP level 5. HP: 29/34 MP: 5/9
  3823 | D:4      | Found a runed translucent door.
  3833 | D:4      | Noticed a bullfrog
  3878 | D:4      | Noticed ymhsbmbesitwf's ghost (amateur TrAK)
  3995 | D:4      | Reached XP level 6. HP: 28/41 MP: 9/11
  4147 | D:4      | Reached skill level 6 in Summonings
  4510 | D:4      | Found a runed translucent door.
  4846 | D:4      | Found a shimmering altar of Xom.
  4866 | D:4      | Reached XP level 7. HP: 46/46 MP: 12/12
  5036 | D:5      | Entered Level 5 of the Dungeon
  5193 | D:5      | Reached skill level 7 in Summonings
  5443 | D:5      | Learned a level 4 spell: Summon Lightning Spire
  5697 | D:5      | Reached XP level 8. HP: 38/52 MP: 12/15
  5823 | D:5      | Reached skill level 8 in Summonings
  6272 | D:5      | Found an opulent altar of Gozag.
  6294 | D:5      | Reached skill level 5 in Spellcasting
  6338 | D:5      | Found an ornate altar of the Wu Jian Council.
  7620 | D:6      | Learned a level 2 spell: Blink
  7655 | D:6      | Found a staircase to the Ecumenical Temple.
  7664 | Temple   | Entered the Ecumenical Temple
  7770 | Temple   | Became a worshipper of Yredelemnul the Dark
  7950 | D:6      | Reached * piety under Yredelemnul
  8021 | D:6      | Reached skill level 9 in Summonings
  8237 | D:6      | Killed from afar by an electric eel

Illustrated notes

Levels and vault maps discovered:
D:1:      reono_arrival_mine, layout_loops_ring,
          shapermc_ecumenical_altar_ellora
D:2:      layout_rooms, nicolae_titane
D:3:      layout_rooms, zin_academy, portal_sewer_entry_d
D:4:      layout_loops_ring, tgw_xom, ebering_ghost_sewer_f, ldierk_geyser,
          serial_bayou_lagoon_a
D:5:      layout_gridville, nicolae_gozag_cash_rules_everything_around_me,
          kennysheep_mini
D:6:      layout_basic, gammafunk_temple_overflow_elements,
          jmf_multi_god_temple2, minmay_temple_entry_statues_fountains,
          serial_bayou_lagoon_b
Temple:   nicolae_temple_figure_zero

Skill      XL: |  1  2  3  4  5  6  7  8 |
---------------+-------------------------+-----
Summonings     | 5 6 7 9 |  9.0
Spellcasting   | 3 4 5 |  5.4
Dodging        | |  2.1
Stealth        | |  2.2

Action                   |  1- 3 |  4- 6 |  7- 9 || total
-------------------------+-------+-------+-------++-------
Melee: Dagger            |   119 |     9 |       ||   128
       Unarmed           |     7 |       |       ||     7
       Punch             |     1 |     2 |     1 ||     4
       Spear             |       |   195 |    93 ||   288
       Halberd           |       |       |    14 ||    14
 Cast: Summon Small Mamm |    13 |    12 |    25 ||    50
       Call Canine Famil |     4 |    22 |    22 ||    48
       Call Imp          |       |     5 |    13 ||    18
       Summon Lightning  |       |       |     3 ||     3
  Use: Scroll            |       |     3 |     2 ||     5
       Potion            |       |       |     1 ||     1
 Stab: Sleeping          |     3 |     4 |     1 ||     8
       Distracted        |       |     3 |     2 ||     5
Armor: Robe              |    46 |    62 |    22 ||   130
Dodge: Dodged            |    89 |   106 |    70 ||   265
